 Dungeon Crawl Stone Soup version 0.30.1 (webtiles) character file.

Game seed: 8049953674589083247

39908 monsoonserge the Severer (level 14, -5/122 HPs)
             Began as a Meteoran Fighter on July 8, 2023.
             Was a High Priest of Elyvilon.
             Slain by a tyrant leech (18 damage)
             ... on level 5 of the Lair of Beasts.
             The game lasted 01:01:17 (6003 turns).

monsoonserge the Severer (Meteoran Fighter)         Turns: 6003, Time: 01:01:17

Health: -5/122     AC: 21    Str: 23    XL:     14   Next: 81%
Magic:  20/24      EV:  8    Int: 15    God:    Elyvilon [*****.]
Gold:   604        SH:  7    Dex: 15    Spells: 13/13 levels left

rFire   + + .        H - +7 broad axe (heavy)
rCold   + + .        c - +0 buckler
rNeg    . . .        h - +0 plate armour
rPois   +            K - +2 hat {Int+3}
rElec   .            Q - scarf {rC+ rF+}
rCorr   .            k - +1 pair of gloves of Uclyq {rF+ rC+ Int+3}
SInv    .            N - +1 pair of boots
Will    +....        i - amulet of the acrobat Stlth
                     y - ring of poison resistance
HPRegen 0.40/turn    (no ring)
MPRegen 0.19/turn

%: acrobat
@: lethally poisoned (-5 -> -14), slowed, glowing, studying Shields, very slow
A: sense surroundings 2, otherworldly, glowing, explore regen
a: Renounce Religion, Purification, Heal Other, Heal Self, Divine Vigour


You were on level 5 of the Lair of Beasts.
You worshipped Elyvilon.
Elyvilon was extremely pleased with you.
You visited 3 branches of the dungeon, and saw 15 of its levels.
You also visited: Bailey.

You collected 1542 gold pieces.
You spent 938 gold pieces at shops.

Inventory:

Hand Weapons
 a - the +8 quarterstaff of the Living Dead {freeze, rElec rC+ Dex+6}
   (You found it in a bailey)

   Dex:       It affects your dexterity (+6).
   rC:        It protects you from cold.
   rElec:     It insulates you from electricity.
 H - a +7 heavy broad axe (weapon)
Missiles
 b - a curare-tipped dart
 m - 24 poisoned darts
 v - 2 throwing nets
 C - 19 boomerangs (quivered)
Armour
 c - a +0 buckler (worn)
 h - a +0 plate armour (worn)
 k - the +1 pair of gloves of Uclyq (worn) {rF+ rC+ Int+3}
   (You found it on level 3 of the Dungeon)

   Int:       It affects your intelligence (+3).
   rF:        It protects you from fire.
   rC:        It protects you from cold.
 u - a +0 pair of boots
 K - a +2 hat of intelligence (worn)
 N - a +1 pair of boots (worn)
 Q - a scarf of resistance (worn)
Jewellery
 i - an amulet of the acrobat (around neck)
 p - a ring of wizardry
 y - a ring of poison resistance (left hand)
Wands
 l - a wand of flame (12)
 B - a wand of roots (15)
 O - a wand of digging (14)
 R - a wand of acid (3)
 S - a wand of mindburst (8)
 V - a wand of polymorph (3)
Scrolls
 e - a scroll of fear {unknown}
 f - 3 scrolls of magic mapping {unknown}
 j - 6 scrolls of poison
 n - 2 scrolls of amnesia
 r - a scroll of butterflies {unknown}
 t - 3 scrolls of teleportation
 w - 3 scrolls of vulnerability {unknown}
 E - a scroll of silence {unknown}
 G - 3 scrolls of blinking
 I - 2 scrolls of brand weapon
 M - 4 scrolls of identify
 P - 2 scrolls of enchant weapon {unknown}
 T - a scroll of torment {unknown}
 U - a scroll of immolation {unknown}
Potions
 d - 2 potions of might
 g - 7 potions of curing
 o - 6 potions of haste
 q - a potion of cancellation {unknown}
 s - 5 potions of lignification {unknown}
 x - 2 potions of magic {unknown}
 z - a potion of attraction {unknown}
 A - 4 potions of heal wounds
 D - 4 potions of invisibility {unknown}
 F - 3 potions of mutation {unknown}
 L - 3 potions of brilliance {unknown}
Miscellaneous
 J - a phantom mirror


   Skills:
 + Level 10.9 Fighting
 - Level 18.0 Axes
 + Level 1.9 Throwing
 + Level 10.9 Armour
 + Level 2.8 Dodging
 * Level 12.9 Shields
 * Level 12.7 Invocations
 - Level 6.0 Evocations


You had 13 spell levels left.
You didn't know any spells.
Your spell library contained the following spells:

 Spells                   Type           Power      Damage    Failure   Level
 Apportation              Tloc           0%         N/A       98%         1
 Magic Dart               Conj           0%         1d3       98%         1
 Necrotise                Necr           0%         1d4       98%         1
 Summon Small Mammal      Summ           0%         N/A       98%         1
 Call Imp                 Summ           0%         N/A       99%         2
 Dazzling Flash           Conj/Hex       0%         N/A       100%        3
 Mephitic Cloud           Conj/Pois/Air  0%         N/A       100%        3
 Volatile Blastmotes      Fire/Tloc      0%         2d10      100%        3
 Iskenderun's Mystic Bla  Conj/Tloc      0%         2d3       100%        4
 Starburst                Conj/Fire      0%         6d3       100%        6
 Chain Lightning          Conj/Air       0%         N/A       100%        9
 Fire Storm               Conj/Fire      0%         5d1       100%        9
 Shatter                  Erth           0%         3d5*      100%        9


Dungeon Overview and Level Annotations

Branches:
Dungeon (9/15) Zot: 1736   Temple (0/1) D:6            Lair (5/5) D:9 Zot: 735
  Swamp (0/4) Lair:3       Spider (0/4) Lair:3        Slime (1/5) Lair:4 Zot: 590
    Orc (0/2) D:9          Bailey (visited)

Altars:
Elyvilon
Nemelex Xobeh
Uskayaw
Jiyva

Shops:
D:6 ?   D:8 !

Annotations:
D:3 Natasha
Lair:5 1 runed translucent door


Innate Abilities, Weirdness & Mutations

You passively map the area around you.
You are easily found by Zot.
You glow in the dark.
You regain HP and MP as you explore.


Message History

The torpor snail misses the hornet.
The hornet stings the torpor snail!
The torpor snail looks as sick as possible!
The torpor snail suddenly stops moving!
Press: ? - help, v - describe, . - travel
Here: a hornet (almost dead, slow)
The floor.
You closely miss the tyrant leech.
The tyrant leech is moderately wounded.
You slash the hornet! You barely miss the hornet.
You block the hornet's attack. The hornet stings you.
You are poisoned.
You feel as though you will be slow longer.
The hornet stings the torpor snail!
The tyrant leech bites you!!
The tyrant leech draws strength from your injuries!
The hornet stings you.
You are more poisoned.
You feel as though you will be slow longer.
The hornet barely misses you.
You miss the hornet.
The hornet is heavily wounded.
You hit the hornet. You hit the tyrant leech.
You feel extremely sick.
The torpor snail is no longer paralysed.
The hornet stings the torpor snail.
The torpor snail looks as sick as possible!
The torpor snail seems to slow down.
You block the hornet's attack. The hornet barely misses you.
The tyrant leech bites you!!
* * * LOW HITPOINT WARNING * * *
The tyrant leech draws strength from your injuries!
The hornet stings the torpor snail but does no damage.
The torpor snail bites the hornet!
You are healed.
You feel very sick.
The torpor snail dies!
The hornet stings you.
* * * LOW HITPOINT WARNING * * *
You feel as though you will be slow longer.
The hornet stings you but does no damage. x3
The tyrant leech bites you!!
You die...

## #...### ...#
####....#...# *
#.#.......# #
####....†.#.#*, .##
## #.#.....##.##,,
..# #.##.....### ##
,,..#* ##.....#..####
#..#
#....###.[..P####w.?#
....## ##.......@yy#
.#### #####...y### ##
######


You could see a tyrant leech (slow) and 3 hornets.

Vanquished Creatures
  Gastronok (Lair:1)
  An acid blob (Lair:4)
  An orc warlord (Bailey)
  Josephine (Lair:3)
  7 death yaks
  2 skysharks
  2 lindwurms
  An oklob plant (Lair:4)
  An ice statue (Lair:2)
  An elephant (Lair:1)
  8 black mambas
  Joseph (Lair:1)
  7 cane toads
  4 torpor snails
  3 rime drakes
  5 komodo dragons (Lair:1)
  An anaconda simulacrum (Lair:2)
  2 ice devils (Lair:2)
  2 polar bears
  A tyrant leech (Lair:5)
  16 blink frogs
  4 hornets
  Sigmund (D:3)
  3 wyverns
  5 wraiths
  28 yaks
  3 basilisks
  2 steam dragons (D:8)
  7 vampire mosquitoes
  13 water moccasins
  5 orc warriors
  2 ice beasts
  2 black bears
  2 sky beasts
  12 wolves
  5 ogres
  3 centaurs
  5 phantoms
  16 bullfrogs
  A kobold brigand (D:9)
  2 gnoll sergeants
  2 scorpions (D:6)
  4 wights (D:7)
  A cane toad simulacrum (Lair:2)
  2 troll zombies (D:9)
  2 howler monkeys (D:9)
  A quasit (D:5)
  5 hounds
  5 orc priests
  Terence (D:3)
  Natasha (D:3)
  2 iguanas
  5 orc wizards
  A hell rat (D:9)
  A troll simulacrum (Lair:2)
  A wolf simulacrum (Lair:2)
  6 ogre zombies (D:9)
  5 adders
  19 gnolls
  3 shadow imps (D:5)
  7 white imps
  An ufetubus (D:5)
  A worm (D:3)
  2 dart slugs
  22 orcs
  3 ball pythons
  2 bats
  3 endoplasms
  3 giant cockroaches
  9 goblins
  9 hobgoblins
  4 quokkas
  4 goblin zombies (D:9)
  A hobgoblin zombie (D:9)
  23 kobolds
  2 orc skeletons (D:9)
  18 orc zombies (D:9)
  9 rats
379 creatures vanquished.

Vanquished Creatures (others)
  A torpor snail (Lair:5)
1 creature vanquished.

Grand Total: 380 creatures vanquished

Notes
Turn   | Place    | Note
-------+----------+-------------------------------------------
     0 | D:1      | monsoonserge the Meteoran Fighter began the quest for the
                  | Orb.
     0 | D:1      | Reached XP level 1. HP: 19/19 MP: 2/2
    54 | D:1      | Reached XP level 2. HP: 25/26 MP: 3/3
   199 | D:1      | Reached XP level 3. HP: 30/31 MP: 4/4
   231 | D:2      | Found a faded altar of an unknown god.
   236 | D:2      | Prayed at the altar of an unknown god.
   236 | D:2      | Became a worshipper of Elyvilon the Healer
   236 | D:2      | Reached * piety under Elyvilon
   431 | D:2      | Reached skill level 3 in Axes
   463 | D:2      | Reached XP level 4. HP: 26/40 MP: 5/5
   529 | D:3      | Reached skill level 1 in Invocations
   616 | D:3      | Reached ** piety under Elyvilon
   750 | D:3      | Noticed Sigmund
   785 | D:3      | Killed Sigmund
   786 | D:3      | Reached skill level 4 in Axes
   786 | D:3      | Reached XP level 5. HP: 19/46 MP: 5/7
   786 | D:3      | Reached XP level 6. HP: 22/52 MP: 5/8
   830 | D:3      | Identified the +1 pair of gloves of Uclyq {rF+ rC+ Int+3}
   837 | D:3      | Noticed Terence
   843 | D:3      | Reached skill level 5 in Armour
   857 | D:3      | Killed Terence
   875 | D:3      | Reached skill level 5 in Axes
   892 | D:3      | Noticed an ice beast
   929 | D:3      | Noticed Natasha
   936 | D:3      | Killed Natasha
   937 | D:3      | Reached XP level 7. HP: 57/59 MP: 10/10
   980 | D:3      | Noticed Natasha
  1149 | D:4      | Reached skill level 6 in Axes
  1258 | D:5      | Entered Level 5 of the Dungeon
  1288 | D:5      | Reached XP level 8. HP: 63/67 MP: 11/11
  1307 | D:5      | Reached *** piety under Elyvilon
  1353 | D:5      | Reached skill level 7 in Axes
  1353 | D:5      | Reached skill level 1 in Dodging
  1517 | D:5      | Noticed a hornet
  1523 | D:5      | Paralysed by a hornet for 2 turns
  1533 | D:5      | Killed a hornet
  1534 | D:5      | Reached skill level 5 in Fighting
  1534 | D:5      | Reached skill level 8 in Axes
  1534 | D:5      | Reached skill level 5 in Invocations
  1546 | D:5      | Gained mutation: You passively map the area around you.
                  | [Meteoran growth]
  1546 | D:5      | Reached XP level 9. HP: 28/74 MP: 10/13
  1643 | D:6      | Found Dekhoin's Magic Scroll Shoppe.
  1659 | D:6      | Bought a scroll of teleportation for 42 gold pieces
  1695 | D:6      | Found a sparkling altar of Nemelex Xobeh.
  1781 | D:6      | Reached skill level 9 in Axes
  1870 | D:6      | Found a staircase to the Ecumenical Temple.
  1922 | D:7      | Reached skill level 10 in Axes
  2027 | D:7      | Reached **** piety under Elyvilon
  2083 | D:7      | Reached XP level 10. HP: 75/83 MP: 14/16
  2498 | D:8      | Reached skill level 11 in Axes
  2524 | D:8      | Found a hide-covered altar of Uskayaw.
  2586 | D:8      | Found Ekasumid's Distillery.
  2600 | D:8      | Bought a potion of heal wounds for 60 gold pieces
  2600 | D:8      | Bought a potion of curing for 36 gold pieces
  2600 | D:8      | Bought a potion of heal wounds for 60 gold pieces
  2600 | D:8      | Bought a potion of degeneration for 12 gold pieces
  2636 | D:7      | Reached ***** piety under Elyvilon
  2831 | D:9      | Found a flagged portal.
  2847 | Bailey   | Entered a bailey
  2852 | Bailey   | Noticed an orc warlord
  2951 | Bailey   | Found a runed translucent gate.
  2952 | Bailey   | Found a runed translucent gate.
  2959 | Bailey   | Found a runed translucent gate.
  3066 | Bailey   | Killed an orc warlord
  3067 | Bailey   | Reached skill level 12 in Axes
  3067 | Bailey   | Reached XP level 11. HP: 46/92 MP: 1/18
  3084 | Bailey   | Identified the +8 quarterstaff of the Living Dead {freeze,
                  | rElec rC+ Dex+6}
  3126 | Bailey   | Acquired 799 gold pieces
  3230 | D:6      | Bought a scroll of acquirement for 728 gold pieces
  3230 | D:6      | Acquired a manual of Shields
  3438 | D:9      | Reached skill level 5 in Shields
  3451 | D:9      | Found a staircase to the Orcish Mines.
  3593 | D:9      | Reached skill level 13 in Axes
  3620 | D:9      | Noticed a death yak
  3622 | D:9      | Noticed a death yak
  3631 | D:9      | Killed a death yak
  3634 | D:9      | Killed a death yak
  3635 | D:9      | Reached skill level 14 in Axes
  3638 | D:9      | Found a staircase to the Lair.
  3660 | D:9      | Noticed a death yak
  3674 | D:9      | Killed a death yak
  3828 | Lair:1   | Entered Level 1 of the Lair of Beasts
  3840 | Lair:1   | Reached XP level 12. HP: 82/101 MP: 20/20
  3952 | Lair:1   | Noticed Gastronok
  3964 | Lair:1   | Killed Gastronok
  3965 | Lair:1   | Reached skill level 15 in Axes
  3965 | Lair:1   | Reached skill level 10 in Invocations
  4007 | Lair:1   | Noticed Joseph
  4019 | Lair:1   | Killed Joseph
  4132 | Lair:2   | Noticed a death yak
  4143 | Lair:2   | Killed a death yak
  4144 | Lair:2   | Reached skill level 16 in Axes
  4346 | Lair:1   | Reached XP level 13. HP: 108/108 MP: 21/21
  4403 | Lair:1   | Noticed a five-headed hydra
  4409 | Lair:1   | Pacified a seven-headed hydra
  4575 | Lair:2   | Reached skill level 17 in Axes
  4650 | Lair:2   | Noticed a death yak
  4654 | Lair:2   | Pacified a death yak
  4877 | Lair:2   | Glimpsed the power of Zot.
  4960 | Lair:3   | Found a hole to the Spider Nest.
  5072 | Lair:4   | Reached skill level 5 in Evocations
  5160 | Lair:3   | Reached skill level 10 in Shields
  5177 | Lair:3   | Reached skill level 18 in Axes
  5201 | Lair:3   | Noticed Josephine
  5202 | Lair:3   | Found a staircase to the Swamp.
  5218 | Lair:2   | Reached skill level 10 in Armour
  5224 | Lair:2   | Reached XP level 14. HP: 102/118 MP: 23/23
  5239 | Lair:3   | Killed Josephine
  5430 | Lair:4   | Reached skill level 10 in Fighting
  5523 | Lair:4   | Identified the +3 ring mail "Nosh" {rC+}
  5641 | Lair:4   | Found a staircase to the Slime Pits.
  5642 | Lair:4   | Found a viscous altar of Jiyva.
  5650 | Lair:4   | Reached skill level 1 in Throwing
  5775 | Slime:1  | Entered Level 1 of the Pits of Slime
  5776 | Slime:1  | Noticed an acid blob
  5782 | Slime:1  | Noticed an azure jelly
  5782 | Slime:1  | Noticed an acid blob
  5786 | Lair:4   | Killed an acid blob
  5819 | Lair:5   | Entered Level 5 of the Lair of Beasts
  5932 | Lair:5   | Found a runed translucent door.
  6002 | Lair:5   | HP: 6/122 [tyrant leech (23)]
  6003 | Lair:5   | Slain by a tyrant leech

Illustrated notes

Levels and vault maps discovered:
D:1:      minmay_arrival_solitary_statue, layout_basic,
          hangedman_decor_clover_reticule
D:2:      layout_loops_ring, nicolae_ecumenical_pavilion
D:3:      layout_basic, lightli_corner_chamber, uniq_sigmund, uniq_terence,
          uniq_natasha
D:4:      minmay_angry_zag, layout_basic
D:5:      layout_basic, serial_demonic, serial_demonic_c, serial_demonic_c,
          serial_demonic_b, serial_demonic_a, serial_demonic_e,
          serial_demonic_c, serial_demonic_e
D:6:      layout_basic, nemelex_dance_club_becter,
          minmay_temple_entry_glassed_door, serial_shops, nicolae_diamond_shop
D:7:      layout_loops_corners, nicolae_overflow_hidden_temple
D:8:      layout_cave_pools, mainiacjoe_overflow_alcove_1, serial_shops,
          nicolae_shop_tiny_glass
D:9:      layout_gridville, dpeg_lair_monsters, zombieorc2_lemuel,
          enter_bailey_4, minmay_misc_feat_plants
Lair:1:   layout_gridlike, minmay_shattered_shrine, uniq_joseph, uniq_grum,
          uniq_gastronok
Lair:2:   dreamdust_isle_of_ice, layout_regular_city, st_stairs_9,
          lemuel_fruit_fields
Lair:3:   layout_regular_city, minmay_swamp_entry_swarm, spider_nest_entry_webs,
          chequers_serial_rivers_room_b, grunt_megastairs_4, uniq_josephine
Lair:4:   layout_hall_layers, slime_entry_1
Lair:5:   hangedman_lair_in_review, layout_cave_pods, wormcave,
          serial_bayou_pond_e, minivault_23, lemuel_fruit_tree,
          infiniplex_staircase_pool_2, uniq_kirke
Slime:1:  layout_caves

Skill      XL: |  1  2  3  4  5  6  7  8  9 10 11 12 13 14 |
---------------+-------------------------------------------+-----
Armour         | 4 5 6 7 8 9 10 | 10.9
Shields        | 4 6 8 10 12 | 12.9
Axes           | 3 4 5 6 8 10 12 14 16 18 | 18.0
Invocations    | 2 3 5 6 8 9 10 11 12 | 12.7
Fighting       | 4 5 6 7 8 9 10 | 10.9
Dodging        | 1 2 |  2.8
Evocations     | 3 5 6 |  6.0
Throwing       | 1 |  1.9

Action                     |  1- 3 |  4- 6 |  7- 9 | 10-12 | 13-15 || total
---------------------------+-------+-------+-------+-------+-------++-------
  Melee: War axe           |    74 |    70 |   277 |   206 |       ||   627
         Broad axe         |       |       |       |   207 |   267 ||   474
  Throw: Dart              |       |       |     1 |     1 |       ||     2
         Boomerang         |       |       |       |       |    14 ||    14
 Invoke: Heal Self         |       |       |     2 |     9 |     3 ||    14
         Heal Other        |       |       |     1 |       |     6 ||     7
  Evoke: Wand              |       |       |       |       |    13 ||    13
    Use: Potion            |       |     1 |       |     1 |       ||     2
         Scroll            |       |       |       |     8 |       ||     8
 Armour: Scale mail        |    24 |       |       |       |       ||    24
         Plate armour      |    17 |    45 |   197 |   240 |   218 ||   717
  Dodge: Dodged            |    25 |    15 |   116 |   145 |   117 ||   418
  Block: Buckler           |    18 |     4 |    71 |    83 |   101 ||   277
